 Dungeon Crawl Stone Soup version 0.28-a0-828-g0121872642 (webtiles) character file.

Game seed: 9997991594175675260

105 oldriver the Magician (level 5, -5/38 HPs)
             Began as a Djinni Fire Elementalist on Nov 10, 2021.
             Was a Follower of the Shining One.
             Slain by Sigmund (10 damage)
             ... on level 2 of the Dungeon.
             The game lasted 00:02:44 (2892 turns).

oldriver the Magician (Djinni Fire Elementalist)    Turns: 2892, Time: 00:02:45

Health: -5/38      AC:  2    Str:  7    XL:     5   Next: 8%
Gold:   65         EV: 12    Int: 18    God:    the Shining One [*.....] SH:  0 Dex: 13

rFire   + + .      SeeInvis .   d - +4 dagger
rCold   x . .      Faith    .   (no shield)
rNeg    . . .      Spirit   .   a - +0 robe
rPois   ∞          Reflect  .   (no helmet)
rElec   .          Harm     .   (no cloak)
rCorr   .          Rampage  .   (no gloves)
Will    .....                   (boots unavailable)
Stlth   +.........              (no amulet)
HPRegen 0.12/turn               (no ring)
MPRegen 0.00/turn               (no ring)

@: flying, glowing
A: sickness immunity, fire resistance 2, cold vulnerability 1, float, innate
caster, hp casting, extra vitality 1
a: Renounce Religion, Divine Shield


You were on level 2 of the Dungeon.
You worshipped the Shining One.
The Shining One was aware of your devotion.
You visited 1 branch of the dungeon, and saw 2 of its levels.

You collected 65 gold pieces.

Inventory:

Hand Weapons
 d - a +4 dagger (weapon)
Armour
 a - a +0 robe (worn)
Wands
 e - a wand of flame (18)
Scrolls
 b - a scroll of amnesia {unknown}
 f - a scroll of identify {unknown}
 g - a scroll of vulnerability {unknown}
 h - a scroll of magic mapping {unknown}
Potions
 c - a potion of curing {unknown}


   Skills:
 * Level 1.7 Fighting
 + Level 2.3 Dodging
 + Level 1.9 Stealth
 + Level 3.7 Spellcasting


You couldn't memorise any spells.
You knew the following spells:

 Your Spells              Type           Power      Damage    Failure   Level
a - Foxfire               Conj/Fire      64%        2x1d7     3%          1
b - Scorch                Fire           32%        2d7       4%          2
c - Conjure Flame         Conj/Fire      16%        6-21      10%         3
d - Inner Flame           Hex/Fire       16%        N/A       10%         3
e - Flame Wave            Conj/Fire      16%        3d5       32%         4
f - Beastly Appendage     Tmut           32%        N/A       3%          1
g - Passwall              Tmut/Erth      13%        N/A       4%          2
Your spell library was empty.

Dungeon Overview and Level Annotations

Branches:
Dungeon (2/15)

Altars:
The Shining One

Annotations:
D:2 Sigmund


Innate Abilities, Weirdness & Mutations

You are immune to sickness and miasma.
You are immune to poison.
Your flesh is very heat resistant. (rF++)
You are vulnerable to cold. (rC-)
You float through the air rather than walking.
You learn spells naturally, not from books.
Your magical power is your life essence.
You have superior vitality. (+4 HP)


Message History

Sigmund gestures wildly while chanting.
Sigmund flickers and vanishes!
Deactivating autopickup; reactivate with Ctrl-A.
Casting: Foxfire (safe; 3% risk of failure)
Confirm with . or Enter, or press ? or * to list all spells.
You conjure some foxfire!
The foxfire hits something. x2
Casting: Foxfire (safe; 3% risk of failure)
Confirm with . or Enter, or press ? or * to list all spells.
You conjure some foxfire!
Casting: Foxfire (safe; 3% risk of failure)
Confirm with . or Enter, or press ? or * to list all spells.
You conjure some foxfire!
The foxfire hits something but does no damage.
The foxfire hits something.
The foxfire hits something.
Something hits you!
Casting: Foxfire (safe; 3% risk of failure)
Confirm with . or Enter, or press ? or * to list all spells.
You conjure some foxfire!
Something hits you but does no damage.
Your foxfire dissipates!
The foxfire hits something but does no damage.
The foxfire hits something. x2
A puff of flame appears from out of thin air!
The puff of flame hits you. You resist.
Casting: Foxfire (safe; 3% risk of failure)
Confirm with . or Enter, or press ? or * to list all spells.
You conjure some foxfire!
Casting: Foxfire (safe; 3% risk of failure)
Confirm with . or Enter, or press ? or * to list all spells.
You conjure some foxfire!
The foxfire hits something. x2; Something hits you!
* * * LOW HITPOINT WARNING * * *
Casting: Foxfire (safe; 3% risk of failure)
Confirm with . or Enter, or press ? or * to list all spells.
You conjure some foxfire!
* * * LOW HITPOINT WARNING * * *
The foxfire hits something but does no damage. x2
The foxfire hits something. x2; Something hits you.
* * * LOW HITPOINT WARNING * * *
There is a stone staircase leading up here.
Something hits you!
You die...

.####.#.###.###.......####..#.##
.........#.## #.#...#.# #...)..
###...#...## #.#...#.# ####)##
#...#...# #.#...#.# ###)## .
#.......# #.#...#.# #.)...
#.#..##..## #.......# #.#.##
.....##..#########.##### #.#...
#.#............§.......## #.##..
#.......#.###.§@........###.##.#
#########.#.....................
#.#.#.:.........###.##.#
#...............# #.##..
##..#...........# #.####
#..##..........# #..##
###..........#######†..##
#...#####....# ##.....# #.###
#.... #.......


There were no monsters in sight!

Vanquished Creatures
  Jessica (D:2)
  Robin (D:2)
  2 ball pythons
  5 endoplasms
  A giant cockroach (D:1)
  12 goblins
  8 hobgoblins
  4 jackals (D:1)
  6 kobolds
  5 quokkas
  6 bats
  2 frilled lizards (D:1)
  6 rats
59 creatures vanquished.

Vanquished Creatures (others)
  194 foxfires
194 creatures vanquished.

Grand Total: 253 creatures vanquished

Notes
Turn   | Place    | Note
-------+----------+-------------------------------------------
     0 | D:1      | oldriver the Djinni Fire Elementalist began the quest for
                  | the Orb.
     0 | D:1      | Reached XP level 1. HP: 15/15 MP: 0/0
   427 | D:1      | Reached XP level 2. HP: 16/22 MP: 0/0
  1251 | D:1      | Reached XP level 3. HP: 24/26 MP: 0/0
  1251 | D:1      | Learned a level 1 spell: Beastly Appendage
  1349 | D:1      | Reached skill level 3 in Spellcasting
  1423 | D:1      | Found a faded altar of an unknown god.
  1475 | D:1      | Reached skill level 1 in Fighting
  1914 | D:1      | Prayed at the altar of an unknown god.
  1914 | D:1      | Became a worshipper of the Shining One
  1914 | D:1      | Reached * piety under the Shining One
  2035 | D:2      | Reached XP level 4. HP: 23/32 MP: 0/0
  2169 | D:2      | Noticed Robin
  2176 | D:2      | Killed Robin
  2349 | D:2      | Noticed Jessica
  2353 | D:2      | Killed Jessica
  2512 | D:2      | Reached XP level 5. HP: 35/37 MP: 0/0
  2512 | D:2      | Learned a level 2 spell: Passwall
  2876 | D:2      | Noticed Sigmund
  2892 | D:2      | Slain by Sigmund

Illustrated notes

Levels and vault maps discovered:
D:1:      dpeg_arrival_windows_large_door, layout_loops_corners,
          chequers_ecumenical_altar_simple_redux
D:2:      layout_loops_cross, uniq_robin, uniq_jessica, uniq_sigmund

Skill      XL: |  1  2  3 |
---------------+----------+-----
Spellcasting   | 3 |  3.7
Fighting       | 1 |  1.7
Dodging        | |  2.3
Stealth        | |  1.9

Action                   |  1- 3 |  4- 6 || total
-------------------------+-------+-------++-------
 Cast: Foxfire           |    86 |    48 ||   134
       Scorch            |       |     3 ||     3
Armor: Robe              |     3 |     1 ||     4
Dodge: Dodged            |     6 |     3 ||     9

Table legend: (Time is in decaauts)
 A = Elapsed time spent in this place.
 B = Non-inter-level travel time spent in this place.
 C = Inter-level travel time spent in this place.
 D = Time resting spent in this place.
 E = Time spent auto-exploring this place.
 F = Levels seen in this place.
 G = Mean time per level.
                   A        B        C        D        E       F      G
               +--------+--------+--------+--------+--------+-----+--------+
         Total |   2891 |   2856 |     35 |    223 |   2291 |   2 | 1445.5 |
       Dungeon |   2891 |   2856 |     35 |    223 |   2291 |   2 | 1445.5 |
               +--------+--------+--------+--------+--------+-----+--------+

Top non-repeatable levels by time:
     D:1: 1960 daAuts
     D:2: 931 daAuts
